 Dungeon Crawl Stone Soup version 0.19.5 (webtiles) character file.

16577 Mirrec the Bludgeoner (level 12, -6/94 HPs)
             Began as a Minotaur Berserker on May 15, 2017.
             Was a High Priest of Trog.
             Mangled by a hill giant
             ... wielding a +0 giant spiked club
             ... summoned by the player character
              (8 damage)
             ... on level 13 of the Dungeon.
             The game lasted 01:13:26 (11510 turns).

Mirrec the Bludgeoner (Minotaur Berserker)         Turns: 11510, Time: 01:13:27

Health: -6/94      AC: 25    Str: 28    XL:     12   Next: 11%
Magic:  0/11       EV:  8    Int:  4    God:    Trog [*****.]
Gold:   100        SH:  0    Dex: 12    Spells: 0 memorised, 11 levels left

rFire  . . .     SeeInvis .     I - +3 great mace (protect)
rCold  . . .     Gourm    .     o - +2 plate armour
rNeg   . . .     Faith    .     (shield currently unavailable)
rPois  .         Spirit   +     (helmet restricted)
rElec  .         Reflect  .     x - +0 cloak
rCorr  .         Harm     .     S - +2 pair of gloves {Str+3}
MR     .....                    w - +2 pair of boots
Stlth  ..........               h - amulet of guardian spirit
                                D - +3 ring of protection
                                p - +2 ring of slaying

@: starving
A: retaliatory headbutt, horns 2
a: Berserk, Trog's Hand, Brothers in Arms, Burn Spellbooks, Renounce Religion


You were on level 13 of the Dungeon.
You worshipped Trog.
Trog was extremely pleased with you.
You were starving.

You visited 2 branches of the dungeon, and saw 15 of its levels.
You visited 1 bazaar.

You collected 777 gold pieces.
You spent 677 gold pieces at shops.

Inventory:

Hand Weapons
 z - a +4 quick blade
 I - a +3 great mace of protection (weapon)
Missiles
 N - 79 poisoned needles
 Q - 2 javelins of returning (quivered)
Armour
 o - a +2 plate armour (worn)
 w - a +2 pair of boots (worn)
 x - a +0 cloak (worn)
 S - a +2 pair of gloves of strength (worn)
Jewellery
 h - an amulet of guardian spirit (around neck)
 p - a +2 ring of slaying (left hand)
 D - a +3 ring of protection (right hand)
 K - a +2 ring of dexterity
Wands
 b - a wand of acid (10/15)
 i - a wand of disintegration (0/24)
 A - a wand of random effects (24/48)
 G - a wand of lightning (6/15)
 H - a wand of lightning (8/15)
 M - a wand of digging (16/24)
Scrolls
 f - 5 scrolls of enchant armour
 g - 5 scrolls of enchant weapon
 j - 4 scrolls of remove curse
 l - 2 scrolls of amnesia {unknown}
 m - 4 scrolls of noise {unknown}
 q - 2 scrolls of recharging {unknown}
 r - 4 scrolls of immolation {unknown}
 u - 2 scrolls of teleportation {unknown}
 v - a scroll of fog {unknown}
 y - a scroll of blinking {unknown}
 E - 3 scrolls of vulnerability {unknown}
 F - 5 scrolls of identify
 P - a scroll of brand weapon {unknown}
 R - 2 scrolls of random uselessness {unknown}
Potions
 a - a potion of haste {unknown}
 d - 2 potions of brilliance
 e - 2 potions of lignification {unknown}
 n - a potion of flight {unknown}
 s - 7 potions of curing
 t - 4 potions of invisibility
 B - 2 potions of heal wounds
 L - a potion of cancellation {unknown}
 T - 2 potions of magic {unknown}
 U - a potion of beneficial mutation {unknown}
Books
 J - a book of Cantrips

   Spells                             Type                      Level
   a - Confusing Touch                Hexes                        1
   b - Animate Skeleton               Necromancy                   1
   c - Summon Small Mammal            Summoning                    1
   d - Apportation                    Translocation                1
   Trog disapproves of the use of such an item.
 X - a book of Geomancy

   Spells                             Type                      Level
   a - Sandblast                      Earth                        1
   b - Passwall                       Transmutation/Earth          2
   c - Stone Arrow                    Conjuration/Earth            3
   d - Petrify                        Transmutation/Earth          4
   e - Lee's Rapid Deconstruction     Earth                        5
   Trog disapproves of the use of such an item.
Comestibles
 c - 9 bread rations
 k - 7 beef jerkies
 C - 8 meat rations
 O - 13 fruits
 V - 3 royal jellies
 W - 2 mutagenic chunks of flesh
 Y - 3 inedible chunks of flesh


   Skills:
 + Level 5.2 Fighting
 - Level 20.3 Maces & Flails
 - Level 1.2 Throwing
 * Level 6.8 Armour
 - Level 2.1 Dodging
 - Level 1.0 Stealth


You had 11 spell levels left.
You didn't know any spells.

Dungeon Overview and Level Annotations

Branches:
Dungeon (14/15)            Temple (1/1) D:4            Lair (0/6) D:9
    Orc (0/2) D:12
 Vaults: D:13-14

Altars:
Ashenzari
Cheibriados
Dithmenos
Elyvilon
Fedhas
Gozag
Hepliaklqana
Kikubaaqudgha
Makhleb
Nemelex Xobeh
Okawaru
Qazlal
Ru
Sif Muna
Trog
Uskayaw
Vehumet
Xom
Yredelemnul
Zin
The Shining One

Shops:
D:6 (   D:8 =   D:13 (


Innate Abilities, Weirdness & Mutations

You reflexively headbutt those who attack you in melee.
You have a pair of horns on your head.


Message History

You feel better.
The hill giant hits you with a giant spiked club!
* * * LOW HITPOINT WARNING * * *
The gargoyle hits you with a mace!
* * * LOW HITPOINT WARNING * * *
The hill giant hits you but does no damage.
There is a stone staircase leading down here.
The hill giant hits you with a giant spiked club.
* * * LOW HITPOINT WARNING * * *
The gargoyle hurls a stone arrow at you.
The stone arrow misses you.
You climb downwards.
You feel less exhausted.
Found a glowing bone wand and 26 gold pieces.
Found a stone staircase leading down.
There is a stone staircase leading up here.
The gargoyle closely misses you.
You climb upwards.
The hill giant hits you with a giant spiked club!
You die...

.............PP.##
#†.....P∩...#
#[.)...PP...#
+...............
#..[...........#
#..####+####...+
#..# ...# #C.# ..#
#9@# .# ####


You could see a hill giant (berserk) and a gargoyle.

Vanquished Creatures
  A fire crab (shapeshifter) (D:13)
  An unseen horror (D:12)
  A hill giant (D:10)
  An ugly thing (D:11)
  A manticore (D:11)
  A spiny frog (D:9)
  Psyche (D:9)
  A hornet (D:8)
  3 two-headed ogres
  4 slime creatures (D:12)
  A hippogriff (D:8)
  Prince Ribbit (D:8)
  A meliai zombie (D:12)
  A wraith (D:7)
  A wyvern (D:11)
  A basilisk (D:9)
  11 yaks
  A soldier ant (D:11)
  Edmund (D:4)
  8 sky beasts
  3 orc warriors
  A hornet zombie (D:12)
  4 phantoms
  2 black bears
  4 ice beasts
  3 ogres
  3 necrophages
  13 centaurs
  A crocodile (D:9)
  3 big kobolds
  5 bullfrogs
  A gnoll sergeant (D:6)
  6 scorpions
  13 killer bees
  10 wights
  4 howler monkeys
  10 crimson imps
  A bullfrog zombie (D:10)
  A quasit (D:8)
  3 gnoll shamans (D:6)
  3 bullfrog skeletons
  2 centaur zombies
  3 hounds
  7 orc priests
  Crazy Yiuf (D:2)
  11 orc wizards
  2 centaur skeletons
  6 iguanas
  8 worker ants
  A hound skeleton (D:4)
  Robin (D:4)
  10 adders
  43 gnolls
  A howler monkey skeleton (D:5)
  2 shadow imps (D:9)
  2 oozes
  An adder zombie (D:5)
  An adder skeleton (D:4)
  7 worms
  A dart slug (D:2)
  6 leopard geckos
  55 orcs
  8 bats
  6 giant cockroaches
  19 goblins
  18 hobgoblins
  25 jackals
  3 quokkas
  2 ball pythons
  7 frilled lizards
  28 kobolds
  5 rats
  3 plants
431 creatures vanquished.

Vanquished Creatures (collateral kills)
  A hydra (D:12)
  An orc warrior (D:13)
  A bullfrog skeleton (D:13)
  A quokka (D:12)
4 creatures vanquished.

Vanquished Creatures (others)
  A kobold (D:11)
1 creature vanquished.

Grand Total: 436 creatures vanquished

Notes
Turn   | Place    | Note
-------+----------+-------------------------------------------
     0 | D:1      | Mirrec the Minotaur Berserker began the quest for the Orb.
     0 | D:1      | Reached XP level 1. HP: 19/19 MP: 0/0
   348 | D:1      | Reached skill level 4 in Maces & Flails
   376 | D:1      | Found a glowing golden altar of the Shining One.
   548 | D:1      | Reached XP level 2. HP: 26/26 MP: 1/1
   864 | D:2      | Reached XP level 3. HP: 19/31 MP: 2/2
   955 | D:2      | Reached skill level 5 in Maces & Flails
  1343 | D:2      | Reached ** piety under Trog
  1394 | D:2      | Found a faded altar of an unknown god.
  1447 | D:2      | Reached skill level 1 in Stealth
  1455 | D:2      | Reached XP level 4. HP: 39/39 MP: 3/3
  1582 | D:2      | Found a sacrificial altar of Ru.
  1851 | D:2      | Found a runed door.
  2029 | D:2      | Noticed Crazy Yiuf
  2033 | D:2      | Killed Crazy Yiuf
  2033 | D:2      | Reached skill level 6 in Maces & Flails
  2417 | D:3      | Reached XP level 5. HP: 36/45 MP: 4/4
  2531 | D:4      | Reached skill level 7 in Maces & Flails
  2645 | D:4      | Reached skill level 8 in Maces & Flails
  2645 | D:4      | Reached XP level 6. HP: 51/51 MP: 3/5
  2650 | D:4      | Reached *** piety under Trog
  2747 | D:4      | Noticed Robin
  2772 | D:4      | Killed Robin
  2896 | D:4      | Noticed Edmund
  2905 | D:4      | Killed Edmund
  2905 | D:4      | Reached skill level 9 in Maces & Flails
  3145 | D:4      | Found a staircase to the Ecumenical Temple.
  3154 | Temple   | Entered the Ecumenical Temple
  3690 | D:5      | Entered Level 5 of the Dungeon
  3708 | D:5      | Reached XP level 7. HP: 56/57 MP: 6/6
  3743 | D:5      | Reached skill level 10 in Maces & Flails
  4071 | D:5      | Reached **** piety under Trog
  4130 | D:5      | Reached skill level 11 in Maces & Flails
  4134 | D:5      | Reached XP level 8. HP: 64/64 MP: 7/7
  4201 | D:5      | Found a sparkling altar of Nemelex Xobeh.
  4202 | D:5      | Found an iron altar of Okawaru.
  4615 | D:5      | Reached skill level 12 in Maces & Flails
  5020 | D:6      | Found Tuppyequq's Weapon Shoppe.
  5209 | D:6      | Reached ***** piety under Trog
  5374 | D:6      | Received a gift from Trog
  5454 | D:6      | Reached skill level 13 in Maces & Flails
  5673 | D:6      | Reached XP level 9. HP: 50/70 MP: 4/8
  5829 | D:6      | Reached skill level 14 in Maces & Flails
  5898 | D:6      | Found a hazy altar of Hepliaklqana.
  6037 | D:7      | Reached skill level 1 in Throwing
  6129 | D:7      | Found a shimmering altar of Xom.
  6226 | D:7      | Reached skill level 15 in Maces & Flails
  6505 | D:8      | Found a faded altar of an unknown god.
  6505 | D:8      | Found a faded altar of an unknown god.
  6511 | D:8      | Found a blossoming altar of Fedhas.
  6513 | D:8      | Found a faded altar of an unknown god.
  6516 | D:8      | Found a faded altar of an unknown god.
  6586 | D:8      | Received a gift from Trog
  6591 | D:8      | Reached skill level 16 in Maces & Flails
  6640 | D:8      | Reached XP level 10. HP: 62/77 MP: 7/9
  6875 | D:8      | Noticed Prince Ribbit
  6905 | D:8      | Killed Prince Ribbit
  7034 | D:8      | Found Ughuawyw's Jewellery Shoppe.
  7044 | D:8      | Bought a +3 ring of protection for 210 gold pieces
  7071 | D:8      | Got a spiked ring mail
  7287 | D:8      | Found a white marble altar of Elyvilon.
  7377 | D:9      | Reached skill level 17 in Maces & Flails
  7431 | D:9      | Noticed a spiny frog
  7443 | D:9      | Killed a spiny frog
  7506 | D:9      | Found a staircase to the Lair.
  7767 | D:9      | Found an opulent altar of Gozag.
  7842 | D:9      | Noticed Psyche
  7851 | D:9      | Killed Psyche
  7851 | D:9      | Reached skill level 18 in Maces & Flails
  8202 | D:10     | Entered Level 10 of the Dungeon
  8214 | D:10     | Received a gift from Trog
  8249 | D:10     | Reached ****** piety under Trog
  8471 | D:10     | Noticed a hill giant
  8477 | D:10     | Killed a hill giant
  8477 | D:10     | Reached XP level 11. HP: 68/82 MP: 8/10
  8809 | D:10     | Reached skill level 19 in Maces & Flails
  9096 | D:10     | You fall through a shaft for 2 floors!
  9400 | D:12     | Found a staircase to the Orcish Mines.
  9541 | D:12     | Noticed a four-headed hydra
  9550 | D:12     | Killed a four-headed hydra
  9896 | D:12     | Reached skill level 20 in Maces & Flails
  9926 | D:12     | Killed an unseen horror
 10381 | D:11     | Found a flickering gateway to a bazaar.
 10394 | Bazaar   | Entered a bazaar
 10407 | Bazaar   | Found Wuiten's Weapon Shoppe.
 10407 | Bazaar   | Found Uwkifyd's Armour Shoppe.
 10425 | Bazaar   | Bought a +2 pair of gloves of strength for 236 gold pieces
 10453 | Bazaar   | Found Antess's Antique Weapon Emporium.
 10453 | Bazaar   | Found Agymuko's Jewellery Emporium.
 10477 | Bazaar   | Bought a +2 ring of slaying for 231 gold pieces
 10905 | D:11     | Reached skill level 5 in Armour
 11065 | D:11     | Received a gift from Trog
 11103 | D:11     | Noticed a purple ugly thing
 11114 | D:11     | Killed a purple ugly thing
 11439 | D:13     | Reached XP level 12. HP: 93/93 MP: 11/11
 11448 | D:13     | Found Luguowuu's Antique Weapon Emporium.
 11458 | D:13     | Reached skill level 5 in Fighting
 11507 | D:13     | HP: 1/94 [hill giant/giant spiked club[the player character] (4)]
 11510 | D:13     | Mangled by a hill giant

Skill      XL: |  1  2  3  4  5  6  7  8  9 10 11 12 |
---------------+-------------------------------------+-----
Maces & Flails | 4 5 6 8 9 11 13 16 18 20 | 20.3
Stealth        | 1 |  1.0
Throwing       | 1 |  1.2
Armour         | 5 6 |  6.8
Fighting       | 4 5 |  5.2
Dodging        | |  2.1

Action                   |  1- 3 |  4- 6 |  7- 9 | 10-12 || total
-------------------------+-------+-------+-------+-------++-------
Melee: Mace              |    75 |    62 |       |       ||   137
       Headbutt          |    11 |    24 |    79 |    84 ||   198
       Morningstar       |       |    74 |   459 |       ||   533
       Great mace        |       |       |     6 |   441 ||   447
Throw: Javelin           |       |       |     3 |     3 ||     6
       Stone             |       |       |     2 |       ||     2
Invok: Berserk           |     1 |     4 |     7 |     7 ||    19
       Trog's Hand       |       |       |     2 |       ||     2
       Burn Spellbooks   |       |       |     1 |       ||     1
       Brothers in Arms  |       |       |       |     2 ||     2
Evoke: Wand              |       |       |     1 |     5 ||     6
  Use: Scroll            |       |     1 |     6 |     4 ||    11
       Potion            |       |       |     2 |     3 ||     5
 Stab: Sleeping          |     2 |       |       |       ||     2
  Eat: Chunk             |     3 |     9 |    18 |    21 ||    51
Armor: Plate armour      |    45 |    98 |   291 |   364 ||   798
Dodge: Dodged            |    31 |    49 |   160 |   161 ||   401
